 Dungeon Crawl Stone Soup version 0.18-b1-14-g029dad2 (webtiles) character file.

323 Nekros the Covert (level 6, 0/44 HPs)
             Began as a Vampire Assassin on Apr 30, 2016.
             Slain by a hound (3 damage)
             ... on level 3 of the Dungeon.
             The game lasted 01:02:27 (3508 turns).

Nekros the Covert (Vampire Assassin)                Turns: 3508, Time: 01:02:27

Health: 0/44       AC:  4    Str: 10    XL:     6   Next: 23%
Magic:  6/6        EV: 12    Int: 14    God:
Gold:   246        SH:  0    Dex: 17    Spells: 0 memorised, 5 levels left

rFire  . . .     SeeInvis +     a - +2 dagger
rCold  + . .     Gourm    .     c - +0 robe
rNeg   + + .     Faith    .     (no shield)
rPois  +         Spirit   .     (no helmet)
rElec  .         Dismiss  .     d - +1 cloak
rCorr  .         Reflect  .     (no gloves)
SustAt .         Harm     .     (no boots)
MR     .....                    (no amulet)
Stlth  +++++.....               (no ring)
                                (no ring)

@: regenerating slowly, not resistant to hostile enchantments, quite stealthy
A: fangs 3, see invisible, unbreathing
a: Bat Form


You were on level 3 of the Dungeon.
You were thirsty.

You visited 1 branch of the dungeon, and saw 4 of its levels.

You collected 246 gold pieces.

Inventory:

Hand Weapons
 a - a +2 dagger (weapon)
 b - a +0 blowgun
 f - a +3 spear of venom
 s - a +1 flail of protection
Missiles
 h - 2 needles of sleeping
 i - 58 arrows
 o - 16 poisoned needles
Armour
 c - a +0 robe (worn)
 d - a +1 cloak (worn)
 e - a +0 cloak
Jewellery
 j - a +3 ring of strength {unknown}
Wands
 r - a wand of random effects (24/48)
Scrolls
 k - 2 scrolls of remove curse
Potions
 g - 11 potions of blood
 l - a potion of mutation {unknown}


   Skills:
 - Level 1.8 Fighting
 * Level 5.0 Short Blades
 - Level 1.8 Throwing
 - Level 1.7 Dodging
 - Level 9.1 Stealth


You had 5 spell levels left.
You didn't know any spells.

Dungeon Overview and Level Annotations

Branches:
Dungeon (4/15)
 Temple: D:4-7

Altars:

Annotations:
D:4 volde25's ghost, amateur TrMo


Innate Abilities, Weirdness & Mutations

You heal slowly.
You have razor-sharp teeth.
You have supernaturally acute eyesight.
You can survive without breathing.


Message History

The hound is heavily wounded.
The hound closely misses you. The hound misses you.
You hit the hound.
The hound is severely wounded.
The hound bites you.
You hit the hound. Your bite misses the hound.
The hound is severely wounded.
The hound bites you but does no damage.
You hit the hound.
The hound is severely wounded.
The hound bites you.
* * * LOW HITPOINT WARNING * * *
You barely miss the hound.
The hound is severely wounded.
The hound bites you.
* * * LOW HITPOINT WARNING * * *
You fail to use your ability.
The hound bites you.
* * * LOW HITPOINT WARNING * * *
The hound bites you.
You die...

#.# #.......#....'...#.#.
#.###............#..#.##.
#.....####..#...รท#.......
#####.####.......#.......
#.##.........####''##
#.##'##.#.....# #....
#.#...........# #....
#.#...........###....
#.#h@............####
#.#.........####.####
###'#######............
#........#.............
##........#.............
#.........#........%....
#.........#.......).)...
#....######.......##....
#....# ##'#######....


You could see a hound.

Vanquished Creatures
  A howler monkey (D:4)
  An orc priest (D:4)
  An orc wizard (D:4)
  A worker ant (D:4)
  Robin (D:2)
  8 adders
  An ooze (D:1)
  6 worms
  A dart slug (D:1)
  A giant gecko (D:2)
  6 orcs
  3 giant cockroaches
  17 goblins
  8 hobgoblins
  12 jackals
  7 kobolds
  A quokka (D:2)
  A ball python (D:3)
  3 bats
  8 giant newts
  7 rats
95 creatures vanquished.

Notes
Turn   | Place    | Note
--------------------------------------------------------------
     0 | D:1      | Nekros the Vampire Assassin began the quest for the Orb.
     0 | D:1      | Reached XP level 1. HP: 16/16 MP: 1/1
     7 | D:1      | Reached skill level 6 in Stealth
    96 | D:1      | Reached XP level 2. HP: 18/22 MP: 2/2
   535 | D:2      | Reached XP level 3. HP: 14/27 MP: 3/3
   765 | D:2      | Reached skill level 7 in Stealth
   968 | D:2      | Noticed Robin
  1309 | D:2      | Reached XP level 4. HP: 29/33 MP: 4/4
  1372 | D:2      | Reached skill level 8 in Stealth
  1505 | D:2      | Killed Robin
  1817 | D:3      | Reached skill level 9 in Stealth
  1871 | D:3      | Reached XP level 5. HP: 33/38 MP: 5/5
  2892 | D:4      | Reached XP level 6. HP: 44/44 MP: 6/6
  2914 | D:4      | Noticed volde25's ghost (amateur TrMo)
  3470 | D:4      | Reached skill level 5 in Short Blades
  3508 | D:3      | Slain by a hound

Skill      XL: |  1  2  3  4  5  6 |
---------------+-------------------+-----
Stealth        | 6 7 9 |  9.1
Short Blades   | 4 5 |  5.0
Fighting       | |  1.8
Throwing       | |  1.8
Dodging        | |  1.7

Action                   |  1- 3 |  4- 6 || total
-------------------------+-------+-------++-------
Melee: Dagger            |    87 |   100 ||   187
       Bite              |    11 |    12 ||    23
       Blowgun           |       |     8 ||     8
       Spear             |       |    39 ||    39
 Fire: Blowgun           |    25 |    71 ||    96
 Abil: End Transformatio |     1 |     2 ||     3
       Bat Form          |     1 |     2 ||     3
  Use: Potion            |       |     9 ||     9
       Scroll            |       |     6 ||     6
 Stab: Sleeping          |     5 |     2 ||     7
       Distracted        |       |     1 ||     1
  Eat: Corpse            |     1 |       ||     1
Armor: Robe              |    21 |    34 ||    55
Dodge: Dodged            |    51 |    99 ||   150
